 Dungeon Crawl Stone Soup version 0.19.5 (webtiles) character file.

5271 miragecloak the Schismatic (level 10, -2/70 HPs)
             Began as a Formicid Abyssal Knight on Apr 21, 2017.
             Was an Elder of Lugonu.
             Slain by a human (5 damage)
             ... on level 13 of the Dungeon on Apr 24, 2017.
             The game lasted 00:22:52 (10704 turns).

miragecloak the Schismatic (FoAK)                  Turns: 10704, Time: 00:22:52

Health: -2/70      AC:  5    Str: 21    XL:     10   Next: 94%
Magic:  17/17      EV: 13    Int: 12    God:    Lugonu [****..]
Gold:   341        SH: 17    Dex: 13    Spells: 0 memorised, 9 levels left

rFire  . . .     SeeInvis +     D - +1 flail (protect)
rCold  + . .     Gourm    .     b - +0 leather armour
rNeg   . . .     Faith    .     H - +0 shield
rPois  .         Spirit   .     (helmet unavailable)
rElec  .         Reflect  +     M - +2 cloak
rCorr  .         Harm     .     (no gloves)
MR     +....                    (no boots)
Stlth  +.........               u - +6 amulet of reflection
                                B - ring of protection from cold (curse)
                                p - +4 ring of strength

@: no status effects
A: permanent stasis, dig shafts and tunnels, four strong arms, antennae 3,
repulsion field 1, deformed body
a: Dig, Shaft Self, Depart the Abyss, Bend Space, Banish, Corrupt, Renounce
Religion


You were on level 13 of the Dungeon.
You worshipped Lugonu.
Lugonu was greatly pleased with you.
You were near starving.

You visited 1 branch of the dungeon, and saw 11 of its levels.
You visited the Abyss 1 time.

You collected 341 gold pieces.

Inventory:

Hand Weapons
 a - a +1 mace
 D - a +1 flail of protection (weapon)
Armour
 b - a +0 leather armour (worn)
 H - a +0 shield (worn)
 M - a +2 cloak (worn)
Jewellery
 f - an uncursed amulet of magic regeneration
 p - a +4 ring of strength (left hand)
 t - an uncursed ring of wizardry
 u - a +6 amulet of reflection (around neck)
 B - a cursed ring of protection from cold (right hand)
 J - an uncursed ring of loudness
Wands
 h - a wand of lightning (5/15)
 x - a wand of teleportation (3/9)
 y - a wand of random effects (19/48)
Scrolls
 e - a scroll of fear
 k - 3 scrolls of identify
 l - 3 scrolls of remove curse
 n - 4 scrolls of magic mapping
 A - 2 scrolls of teleportation
 F - a scroll of blinking {unknown}
 L - a scroll of amnesia {unknown}
 O - a scroll of noise {unknown}
 P - a scroll of enchant weapon
Potions
 d - 4 potions of heal wounds
 g - 2 potions of mutation {unknown}
 i - a potion of magic {unknown}
 m - 2 potions of curing {unknown}
 o - 3 potions of flight {unknown}
 r - a potion of might {unknown}
 s - 2 potions of agility {unknown}
 w - a potion of lignification {unknown}
 z - a potion of degeneration {unknown}
 C - 2 potions of resistance {unknown}
 E - a potion of brilliance {unknown}
 I - a potion of ambrosia
Books
 G - a book of Callings

   Spells                             Type                      Level
   a - Summon Small Mammal            Summoning                    1
   b - Call Imp                       Summoning                    2
   c - Call Canine Familiar           Summoning                    3
   d - Summon Guardian Golem          Hexes/Summoning              3
   e - Summon Lightning Spire         Summoning/Air                4
   f - Summon Ice Beast               Ice/Summoning                4
 N - a book of Necromancy

   Spells                             Type                      Level
   a - Pain                           Necromancy                   1
   b - Animate Skeleton               Necromancy                   1
   c - Vampiric Draining              Necromancy                   3
   d - Regeneration                   Charms/Necromancy            3
   e - Animate Dead                   Necromancy                   4
   f - Control Undead                 Necromancy                   4
Comestibles
 c - 7 bread rations
 j - a slice of pizza
 v - 4 meat rations
 K - a royal jelly


   Skills:
 - Level 3.2 Fighting
 + Level 10.3 Maces & Flails
 + Level 4.3 Armour
 - Level 0.8 Dodging
 - Level 8.4 Shields
 - Level 10.4 Invocations


You had 9 spell levels left.
You didn't know any spells.

Dungeon Overview and Level Annotations

Branches:
Dungeon (11/15)            Temple (0/1) D:5          Vaults (0/5) D:13
   Lair: D:8-11         Orc: D:9-12

Altars:
Dithmenos
Fedhas
Makhleb
Qazlal
Ru
Sif Muna
Vehumet
Xom
Yredelemnul
The Shining One

Annotations:
D:6 Dowan, Duvessa
D:7 Prince Ribbit
D:13 Kirke, Nessos


Innate Abilities, Weirdness & Mutations

You are under a permanent stasis effect.
You can dig through walls and to a lower floor.
Your four strong arms can wield two-handed weapons with a shield.
You have a pair of large antennae on your head. (SInv)
You are surrounded by a mild repulsion field. (EV +2)
Armour fits poorly on your strangely shaped body.


Message History

The shaft crumbles and collapses.
A komodo dragon, 6 hogs, an orc knight, a hill giant, 16 humans, Nessos and Kirke come into view.
The orc knight is wielding a battleaxe of draining.
The human shouts!
Nessos shouts!
The human shouts! x5; The orc knight shouts!
The hill giant shouts!
The human shouts! x5; The komodo dragon hisses angrily.
The human shouts!
The hog squeals angrily. x5
Found an inky potion, a fizzy purple potion and a troll leather armour.
Found a gate to the Vaults.
Found a stone staircase leading down and two stone staircases leading up.
Level annotation: Kirke, Nessos Welcome back, miragecloak the Formicid Abyssal Knight.
Lugonu says: Spread carnage and corruption!
Press ? for a list of commands and other information.
Are you sure you want to shaft yourself?
You are near starving!
You block the hog's attack. You block the human's attack.
The hill giant barely misses you. You block the human's attack.
You begin to dig a shaft.
You continue digging a shaft.
The human hits you.
You die...

############
#...........
#...........
#....p.p[...
#.@hp.cp.pp.
#..hhp.<∩o..
#.hhCp.><.p.
#..h@.lp!p..
#..p.pp..p..
#....p......
#...........
#.##.#######
.. ..# ##
###


You could see Kirke, Nessos, an orc knight, a hill giant, a komodo dragon, 6
hogs and 16 humans.

Vanquished Creatures
  The ghost of Britaniac the Destroyer, a journeyman DEFE of Vehumet (D:11)
  Maurice (D:8)
  A troll (D:11)
  A hippogriff (D:10)
  A basilisk (D:11)
  3 yaks (D:10)
  4 ice beasts
  2 orc warriors
  A phantom (D:4)
  A sky beast (D:5)
  Purgy (D:4)
  The ghost of miragecloak the Cudgeler, an amateur FoAK of Lugonu (D:4)
  2 ogres
  4 centaurs
  A crocodile (D:11)
  A big kobold (D:7)
  5 bullfrogs
  A killer bee (D:11)
  2 scorpions
  A wight (D:10)
  A howler monkey (D:10)
  A centaur zombie (D:7)
  2 crimson imps
  8 hounds
  3 jellies
  A quasit (D:10)
  A centaur skeleton (D:11)
  3 orc priests
  3 orc wizards
  An iguana (D:5)
  6 worker ants
  A killer bee zombie (D:7)
  The ghost of Diode the Firebug, a weakling NaFE (D:3)
  2 worker ant zombies
  12 adders
  10 gnolls
  A shadow imp (D:11)
  An ooze (D:1)
  An adder skeleton (D:5)
  2 worms
  3 dart slugs
  3 leopard geckos
  22 orcs
  6 giant cockroaches
  5 goblins
  3 hobgoblins
  9 jackals
  11 kobolds
  5 quokkas
  A ball python skeleton (D:4)
  4 bats
  2 frilled lizards
  A jackal zombie (D:5)
  2 quokka skeletons (D:4)
  11 rats
184 creatures vanquished.

Vanquished Creatures (others)
  A centaur (D:11)
1 creature vanquished.

Grand Total: 185 creatures vanquished

Notes
Turn   | Place    | Note
-------+----------+-------------------------------------------
     0 | Abyss:1  | miragecloak the Formicid Abyssal Knight began the quest for the Orb.
     0 | Abyss:1  | Reached XP level 1. HP: 18/18 MP: 2/2
     0 | D:1      | Escaped the Abyss
   235 | D:1      | Reached * piety under Lugonu
   245 | D:1      | Reached XP level 2. HP: 12/24 MP: 3/3
   766 | D:1      | Reached XP level 3. HP: 25/29 MP: 5/5
   989 | D:2      | You fall through a shaft!
  1231 | D:2      | Found a sacrificial altar of Ru.
  1232 | D:2      | Found a deep blue altar of Sif Muna.
  1393 | D:2      | Reached XP level 4. HP: 22/35 MP: 6/6
  1572 | D:2      | Found a blossoming altar of Fedhas.
  1837 | D:2      | Found a burning altar of Makhleb.
  1837 | D:2      | Found a radiant altar of Vehumet.
  2006 | D:2      | Reached ** piety under Lugonu
  2370 | D:3      | Reached XP level 5. HP: 18/41 MP: 7/7
  2507 | D:3      | Noticed Diode's ghost (weakling NaFE)
  2786 | D:4      | Found a shadowy altar of Dithmenos.
  2789 | D:4      | Noticed a phantom
  2871 | D:4      | HP: 1/41 [phantom (6)]
  2885 | D:4      | Killed a phantom
  2885 | D:4      | Reached skill level 5 in Maces & Flails
  2885 | D:4      | Reached XP level 6. HP: 22/47 MP: 8/8
  3160 | D:4      | Noticed miragecloak's ghost (amateur FoAK)
  3625 | D:4      | Reached XP level 7. HP: 51/52 MP: 9/9
  3644 | D:4      | Noticed Purgy
  3663 | D:4      | Killed Purgy
  3924 | D:5      | Entered Level 5 of the Dungeon
  3946 | D:4      | Killed miragecloak's ghost
  4541 | D:3      | Killed Diode's ghost
  5162 | D:5      | Found a staircase to the Ecumenical Temple.
  5288 | D:5      | Reached XP level 8. HP: 56/58 MP: 11/11
  5503 | D:5      | Found a stormy altar of Qazlal.
  5644 | D:5      | Reached *** piety under Lugonu
  5726 | D:5      | Gained mutation: You are covered in fur. (AC +1) [mutagenic meat]
  5727 | D:5      | Gained mutation: Armour fits poorly on your strangely shaped body. [mutagenic meat]
  5729 | D:5      | Gained mutation: You are surrounded by a mild repulsion field. (EV +2) [mutagenic meat]
  5730 | D:5      | Lost mutation: You are covered in fur. (AC +1) [mutagenic meat]
  5914 | D:6      | Noticed Duvessa
  5914 | D:6      | Noticed Dowan
  5981 | D:6      | Reached skill level 1 in Shields
  5981 | D:6      | Reached skill level 5 in Invocations
  5988 | D:6      | Found a shimmering altar of Xom.
  6506 | D:5      | You fall through a shaft!
  6509 | D:6      | You fall through a shaft!
  6922 | D:7      | Reached XP level 9. HP: 64/64 MP: 13/13
  7157 | D:7      | Noticed Prince Ribbit
  7215 | D:6      | Reached skill level 5 in Shields
  7418 | D:6      | Found a faded altar of an unknown god.
  7418 | D:6      | Found a shimmering altar of Xom.
  7628 | D:6      | Found a glowing golden altar of the Shining One.
  7640 | D:6      | Found a basalt altar of Yredelemnul.
  8300 | D:8      | Noticed Maurice
  8328 | D:8      | Killed Maurice
  8471 | D:7      | You fall through a shaft for 3 floors!
  8471 | D:10     | Entered Level 10 of the Dungeon
  9233 | D:10     | Noticed a hippogriff
  9251 | D:10     | Killed a hippogriff
  9251 | D:10     | Reached XP level 10. HP: 64/70 MP: 16/16
  9461 | D:10     | Reached **** piety under Lugonu
  9461 | D:10     | Reached skill level 10 in Invocations
  9812 | D:11     | Reached skill level 10 in Maces & Flails
 10134 | D:11     | Noticed Britaniac's ghost (journeyman DEFE)
 10164 | D:11     | Killed Britaniac's ghost
 10579 | D:11     | Noticed a komodo dragon
 10701 | D:10     | HP: 2/70 [steam dragon] (5)]
 10702 | D:10     | You fall through a shaft for 3 floors!
 10702 | D:13     | Found a gate to the Vaults.
 10702 | D:13     | Noticed Nessos
 10702 | D:13     | Noticed an orc knight
 10702 | D:13     | Noticed a hill giant
 10702 | D:13     | Noticed a komodo dragon
 10702 | D:13     | Noticed Kirke
 10704 | D:13     | Slain by a human

Skill      XL: |  1  2  3  4  5  6  7  8  9 10 |
---------------+-------------------------------+-----
Maces & Flails | 3 4 5 6 7 8 9 10 | 10.3
Invocations    | 3 4 6 9 10 | 10.4
Shields        | 4 7 8 |  8.4
Armour         | 4 |  4.3
Fighting       | |  3.2
Dodging        | |  0.8

Action                   |  1- 3 |  4- 6 |  7- 9 | 10-12 || total
-------------------------+-------+-------+-------+-------++-------
Melee: Mace              |   101 |   117 |   106 |       ||   324
       Flail             |       |       |   442 |   243 ||   685
Invok: Depart the Abyss  |     1 |       |       |       ||     1
 Abil: Dig               |     1 |       |     2 |       ||     3
       Shaft Self        |       |       |     3 |     2 ||     5
  Use: Potion            |       |     2 |       |     1 ||     3
       Scroll            |       |       |     8 |     2 ||    10
 Stab: Sleeping          |       |     1 |       |       ||     1
  Eat: Chunk             |     1 |     8 |    22 |     5 ||    36
       Pizza             |       |       |     1 |       ||     1
Armor: Leather armour    |    23 |    19 |   105 |    30 ||   177
Dodge: Dodged            |    62 |    61 |   202 |    65 ||   390
Block: Other             |       |    11 |    74 |       ||    85
       Shield            |       |       |   284 |   169 ||   453
       Reflection        |       |       |     7 |    10 ||    17
